 Dungeon Sprint DCSS version 0.29-a0-824-gd827844252 (webtiles) character file.

Game seed: 14724141289347008097

196 mhtbhm the Grappler (level 5, 0/48 HPs)
             Began as a Troll Transmuter on July 9, 2022.
             Slain by a slime creature (19 damage)
             ... in the Dungeon (Sprint I: "Red Sonja").
             The game lasted 00:01:07 (389 turns).

mhtbhm the Grappler (Troll Transmuter)               Turns: 389, Time: 00:01:08

Health: 0/48       AC:  4    Str: 20    XL:     5   Next: 45%
Magic:  5/8        EV: 10    Int:  9    God:
Gold:   60         SH:  0    Dex: 10    Spells: 0/10 levels left

rFire   . . .      SeeInvis .     - Unarmed
rCold   . . .      Faith    .   (no shield)
rNeg    . . .      Spirit   .   a - +0 robe
rPois   .          Reflect  .   (helmet currently unavailable)
rElec   .          Harm     .   (no cloak)
rCorr   .          Rampage  .   (gloves unavailable)
Will    .....      NoTele   +   (boots unavailable)
Stlth   +.........              (no amulet)
HPRegen 0.96/turn               (no ring)
MPRegen 0.11/turn               (no ring)

@: appendages (expiring), wereblooded
A: horns 2, talons 2, large, unfitting armour, claws 3, regeneration 1, shaggy
fur 1, tough skin 1
a: End Transformation


You were in the Dungeon.
You had temporarily grown beastly horns and talons.
You visited 1 branch You collected 60 gold pieces.

Inventory:

Armour
 a - a +0 robe (worn)
Jewellery
 g - a +4 ring of evasion
Wands
 b - a wand of digging (3)
Scrolls
 h - a scroll of blinking
Potions
 c - a potion of curing
 d - a potion of heal wounds
 e - a potion of haste
 f - 2 potions of magic


   Skills:
 + Level 1.1 Fighting
 + Level 4.1 Dodging
 + Level 8.6 Unarmed Combat
 + Level 3.3 Spellcasting
 + Level 3.3 Transmutations


You couldn't memorise any spells.
You knew the following spells:

 Your Spells              Type           Power      Damage    Failure   Level
a - Beastly Appendage     Tmut           14%        N/A       8%          1
b - Wereblood             Tmut           7%         N/A       11%         2
c - Spider Form           Tmut/Pois      4%         N/A       41%         3
d - Ice Form              Ice/Tmut       4%         N/A       82%         4

Your spell library contained the following spells:

 Spells                   Type           Power      Damage    Failure   Level


Dungeon Overview and Level Annotations

Branches:
Dungeon (1/1)

Altars:
Cheibriados
Dithmenos
Elyvilon
Fedhas
Gozag
Hepliaklqana
Kikubaaqudgha
Makhleb
Nemelex Xobeh
Okawaru
Qazlal
Ru
Sif Muna
Trog
Uskayaw
Vehumet
Wu Jian
Xom
Yredelemnul
Zin
The Shining One
Jiyva
Lugonu

Shops:
D !


Innate Abilities, Weirdness & Mutations

You have temporarily grown beastly horns and talons.
You are too large for most types of armour.
You have claws for hands.
Your natural rate of healing is unusually fast.
You are covered in fur. (AC +1)
You have tough skin. (AC +1)


Message History

You howl as the wereblood boils in your veins!
Casting: Beastly Appendage (safe; 8% risk of failure)
Confirm with . or Enter, or press ? or * to list all spells.
You grow a pair of large bovine horns.
Your feet morph into talons.
Casting: Beastly Appendage (safe; 8% risk of failure)
Confirm with . or Enter, or press ? or * to list all spells.
Your blood is freshly infused with primal strength!
You open the door.
A slime creature comes into view.
The slime creature quivers.
Found four altars.
The slime creature hits you!
There is an open door here.
You claw the slime creature! Your kick misses the slime creature.
The slime creature is lightly wounded.
The slime creature hits you.
You claw the slime creature! You claw the slime creature.
You headbutt the slime creature.
The slime creature is moderately wounded.
Your transformation is almost over.
The slime creature hits you.
You claw the slime creature! You headbutt the slime creature.
The slime creature is heavily wounded.
You mangle the slime creature!!
The slime creature is severely wounded.
The slime creature barely misses you.
You completely miss the slime creature. You headbutt the slime creature.
The slime creature is severely wounded.
The slime creature hits you!!
You scratch the slime creature but do no damage.
The slime creature is severely wounded.
The slime creature misses you.
You claw the slime creature! x2
The slime creature is almost dead.
The slime creature barely misses you.
You barely miss the slime creature.
You claw the slime creature, but do no damage.
The slime creature is almost dead.
The slime creature hits you!!
You die...

####### #######
#<.#.)+ +$.#__#
#..'..# #$.@J.+
#..#### ##'#__#
#..#### #.####
#..#__#### ##.#
#..#_____##+#_.+
#⌠⌠#_.∩...'..._#
###._..__##_.#+#
#$$#_____###+#
##########


You could see a slime creature.

Vanquished Creatures
  A yak (D)
  A jelly (D)
  Ijyb (D)
3 creatures vanquished.

Notes
Turn   | Place    | Note
-------+----------+-------------------------------------------
     0 | D        | mhtbhm the Troll Transmuter began the quest for the Orb.
     0 | D        | Reached XP level 1. HP: 18/18 MP: 1/1
     5 | D        | Noticed Ijyb
    20 | D        | Killed Ijyb
    21 | D        | Reached skill level 5 in Unarmed Combat
    21 | D        | Reached XP level 2. HP: 26/26 MP: 2/4
   276 | D        | Found a basalt altar of Yredelemnul.
   276 | D        | Found a hide-covered altar of Uskayaw.
   276 | D        | Found a hazy altar of Hepliaklqana.
   276 | D        | Found a shadowy altar of Dithmenos.
   276 | D        | Found a sacrificial altar of Ru.
   276 | D        | Found a snail-covered altar of Cheibriados.
   276 | D        | Found an opulent altar of Gozag.
   276 | D        | Found a sparkling altar of Nemelex Xobeh.
   277 | D        | Found an ancient bone altar of Kikubaaqudgha.
   277 | D        | Found Emiargh's Distillery.
   277 | D        | Found a glowing golden altar of the Shining One.
   277 | D        | Found an iron altar of Okawaru.
   277 | D        | Found a bloodstained altar of Trog.
   277 | D        | Found a blossoming altar of Fedhas.
   277 | D        | Found a stormy altar of Qazlal.
   277 | D        | Found a white marble altar of Elyvilon.
   277 | D        | Found a glowing silver altar of Zin.
   277 | D        | Noticed a yak
   288 | D        | Killed a yak
   289 | D        | Reached skill level 1 in Fighting
   289 | D        | Reached skill level 8 in Unarmed Combat
   289 | D        | Reached XP level 3. HP: 4/33 MP: 2/6
   289 | D        | Reached XP level 4. HP: 5/41 MP: 2/7
   289 | D        | Reached XP level 5. HP: 6/48 MP: 2/8
   347 | D        | Learned a level 2 spell: Wereblood
   351 | D        | Learned a level 3 spell: Spider Form
   356 | D        | Learned a level 4 spell: Ice Form
   358 | D        | Found a shimmering blue altar of Sif Muna.
   358 | D        | Found a radiant altar of Vehumet.
   358 | D        | Found an ornate altar of the Wu Jian Council.
   380 | D        | Found a burning altar of Makhleb.
   380 | D        | Found a viscous altar of Jiyva.
   380 | D        | Found a shimmering altar of Xom.
   380 | D        | Found a corrupted altar of Lugonu.
   380 | D        | Noticed a slime creature
   389 | D        | Slain by a slime creature

Illustrated notes

Levels and vault maps discovered:
D:        dungeon_sprint_1 [red_sonja_temple_1, red_sonja_temple_small_1]

Skill      XL: |  1  2  3  4  5 |
---------------+----------------+-----
Dodging        | 2 3 4 |  4.1
Unarmed Combat | 5 8 |  8.6
Spellcasting   | 2 3 |  3.3
Transmutations | 2 3 |  3.3
Fighting       | 1 |  1.1

Action                   |  1- 3 |  4- 6 || total
-------------------------+-------+-------++-------
Melee: Unarmed           |    19 |    10 ||    29
       Headbutt          |     2 |     4 ||     6
       Kick              |     1 |     4 ||     5
       Punch             |     1 |       ||     1
 Cast: Beastly Appendage |     3 |     2 ||     5
       Wereblood         |       |     2 ||     2
Evoke: Wand              |     1 |       ||     1
  Use: Potion            |     2 |       ||     2
Armor: Skin              |     9 |       ||     9
Dodge: Dodged            |     1 |     4 ||     5

Table legend: (Time is in decaauts)
 A = Elapsed time spent in this place.
 B = Non-inter-level travel time spent in this place.
 C = Inter-level travel time spent in this place.
 D = Time resting spent in this place.
 E = Time spent auto-exploring this place.
 F = Levels seen in this place.
 G = Mean time per level.
                   A        B        C        D        E       F      G
               +--------+--------+--------+--------+--------+-----+--------+
         Total |    398 |    398 |      0 |    284 |      0 |   1 |  398.0 |
       Dungeon |    398 |    398 |      0 |    284 |      0 |   1 |  398.0 |
               +--------+--------+--------+--------+--------+-----+--------+

Top non-repeatable levels by time:
       D: 398 daAuts
